Map: Proxima Station LE

Players

TingPuff - Winner!

  • Race: Terran Terran
  • League: Gold
  • Spawn Location: 7:00

Yata

  • Race: Zerg Zerg
  • Spawn Location: 1:00

VOD

Have the link to the VOD?

Description

Time

  • Played on: July 7, 2017, 2:35 p.m.
  • Length: 10:58
Show
View Real Time Build Order
Export as new Build Order

TingPuff Terran - Winner!

Build Orders: Command Center First (CC) 

Get SALT Encoding   

  12  0:03  SCV  
  13  0:16  SCV  
  14  0:21  Supply Depot  
  14  0:28  SCV  
  15  0:43  SCV  
  16  1:02  Command Center  
  16  1:06  SCV  
  17  1:15  Barracks  
  17  1:22  Refinery  
  17  1:33  SCV  
  18  1:45  SCV  
  19  1:52  Refinery  
  19  2:01  Orbital Command  
  19  2:05  Marine  
  20  2:19  SCV  
  20  2:20  Barracks  
  21  2:29  Supply Depot, SCV  
  22  2:31  Orbital Command  
  22  2:41  SCV  
  24  2:44  Reaper  
  24  3:02  Factory, SCV x2  
  26  3:09  Barracks Reactor  
  26  3:12  Barracks  
  26  3:16  Marine  
  27  3:23  SCV  
  27  3:24  SCV  
  28  3:40  SCV x2  
  30  3:46  Marine  
  30  3:47  Hellion  
  33  3:50  Marine x2  
  35  4:00  SCV  
  35  4:01  SCV  
  37  4:07  Marine, Starport  
  39  4:17  SCV x2  
  39  4:22  Barracks Tech Lab  
  39  4:23  Marine  
  41  4:25  Marine  
  41  4:29  SCV x2  
  44  4:41  Armory, SCV x2  
  46  4:47  Supply Depot  
  46  4:49  Command Center  
  46  4:50  Barracks Reactor  
  46  4:51  Stimpack  
  46  4:56  Supply Depot  
  46  5:08  Medivac, Marine x2  
  46  5:09  Hellion x2  
  46  5:10  Supply Depot  
  46  5:12  SCV x2  
  56  5:24  SCV x2  
  56  5:26  Marine x2  
  60  5:30  Marine x2, Hellion x2  
  60  5:33  Supply Depot  
  66  5:36  SCV x2  
  66  5:38  Engineering Bay  
  68  5:44  Marine  
  68  5:48  Marine  
  70  5:59  Marine  
  70  6:00  Barracks Reactor  
  70  6:02  Supply Depot, Marine  
  72  6:12  Marine, SCV x2  
  72  6:14  Orbital Command  
  72  6:17  Marine  
  76  6:19  Marine  
  76  6:21  Engineering Bay  
  77  6:26  Terran Infantry Weapons Level 1  
  77  6:30  Marine  
  78  6:35  Marine  
  78  6:37  Marine  
  80  6:43  Marine x2  
  82  6:48  Marine  
  82  6:53  Marine  
  84  6:56  Marauder  
  84  7:01  Marine x2  
  87  7:06  Marine  
  89  7:12  Marine  
  89  7:15  Orbital Command  
  87  7:16  Marine  
  87  7:18  Marine  
  87  7:19  Marine  
  89  7:24  Marine  
  89  7:29  Marine  
  90  7:30  SCV x2  
  90  7:34  Marine  
  90  7:36  Marine x2  
  96  7:51  Barracks  
  96  7:52  SCV x2  
  97  8:04  Medivac  
  99  8:14  Marine x4  
  103  8:27  Missile Turret  
  103  8:39  Marine x3  
  103  8:40  Marine x2  
  108  8:43  Supply Depot  
  108  8:44  Barracks Reactor  
  108  8:53  Terran Infantry Armor Level 1  
  108  8:54  Terran Vehicle Weapons Level 1  
  108  8:57  Marine  
  108  9:00  Supply Depot  
  109  9:05  Marine  
  109  9:08  Orbital Command  
  110  9:10  Marine x2  
  110  9:11  Marine  
  110  9:15  Marine  
  114  9:48  Orbital Command  
  114  9:51  Marine x3  
  114  9:52  Marine x3, Marauder  
  122  10:09  Marine x5  
  122  10:10  Marine  
  122  10:13  Marine  
  113  10:27  Marine x5  
  113  10:28  Marine  
  114  10:31  Marine  
Show
View Real Time Build Order
Export as new Build Order

Yata Zerg 

Build Orders: Hatch First 

Get SALT Encoding   

  12  0:01  Drone  
  13  0:13  Overlord  
  13  0:19  Drone  
  14  0:31  Drone x2  
  14  0:35  Drone  
  17  0:49  Drone  
  18  0:55  Extractor  
  17  1:01  Hatchery  
  17  1:03  Drone  
  17  1:23  Drone  
  17  1:24  Spawning Pool  
  17  1:29  Drone  
  18  1:33  Drone  
  18  1:39  Overlord  
  19  1:58  Drone  
  19  2:01  Drone  
  21  2:10  Metabolic Boost  
  21  2:12  Queen  
  21  2:14  Zergling x4  
  25  2:29  Drone x2  
  27  2:30  Queen  
  29  2:56  Queen  
  31  3:06  Pneumatized Carapace  
  31  3:08  Roach Warren  
  30  3:13  Drone x4  
  30  3:14  Drone x2  
  36  3:20  Extractor  
  36  3:25  Extractor  
  34  3:28  Extractor  
  33  3:53  Drone x3  
  36  3:55  Overlord  
  36  3:56  Overlord x2  
  36  4:23  Lair  
  36  4:27  Drone x5  
  36  4:28  Drone x5  
  36  4:29  Drone  
  47  4:45  Drone x2  
  49  5:06  Roach x4  
  57  5:35  Hatchery  
  56  5:52  Evolution Chamber  
  56  5:53  Glial Reconstitution  
  55  5:57  Burrow  
  55  6:03  Hydralisk Den  
  54  6:26  Overlord x4  
  54  6:30  Roach  
  54  6:31  Roach x2  
  60  6:50  Roach x7  
  74  7:16  Roach  
  74  7:17  Roach x5  
  85  7:58  Roach  
  85  7:59  Roach x2  
  91  8:12  Overlord x7  
  83  8:43  Roach  
  83  8:44  Roach x8  
  100  9:17  Roach x3  
  100  9:18  Roach x8  
  122  9:33  Hatchery  
  115  9:47  Zergling x8  
  108  9:58  Hatchery  
  99  10:18  Roach  
  99  10:19  Roach x5  
Tags
 
Add a new tag
Caveats
  • Supply blocks, unpowered buildings, or Contaminate may cause inaccurate times.
  • Supply counts are checked every 10 seconds.